Map: Berlingrad LE

Players

Creator

  • Race: Protoss Protoss

Scarlett - Winner!

  • Race: Zerg Zerg

Event: TSL 8

VOD

Have the link to the VOD?

Description

Time

  • Played on: Nov. 28, 2021, 12:11 p.m.
  • Length: 18:40

All games in this series

Show
View Real Time Build Order
Export as new Build Order

Creator Protoss 

Build Orders: 1 Gate Expand, Mass Adepts 

Get SALT Encoding   

  12  0:00  Probe  
  13  0:13  Pylon  
  13  0:17  Probe (Chrono Boost)  
  14  0:27  Probe (Chrono Boost)  
  15  0:32  Probe (Chrono Boost)  
  16  0:39  Gateway  
  16  0:44  Probe  
  16  0:47  Assimilator  
  17  0:56  Probe  
  18  1:08  Probe  
  19  1:20  Probe  
  19  1:24  Nexus  
  20  1:34  Cybernetics Core  
  20  1:37  Probe  
  21  1:42  Assimilator  
  21  1:50  Probe  
  21  1:54  Pylon  
  22  2:02  Probe  
  23  2:09  Adept (Chrono Boost)  
  23  2:11  Warp Gate  
  23  2:14  Probe  
  26  2:23  Twilight Council  
  26  2:26  Probe (Chrono Boost)  
  27  2:32  Stalker  
  27  2:36  Probe (Chrono Boost)  
  30  2:38  Probe (Chrono Boost)  
  31  2:45  Probe (Chrono Boost)  
  31  2:46  Probe (Chrono Boost)  
  31  2:50  Probe (Chrono Boost)  
  33  2:52  Robotics Facility  
  33  2:54  Probe  
  35  3:03  Probe  
  36  3:06  Probe  
  36  3:12  Gateway  
  37  3:13  Adept  
  37  3:16  Probe  
  37  3:18  Probe  
  41  3:20  Resonating Glaives (Chrono Boost)  
  41  3:28  Probe  
  41  3:31  Gateway  
  41  3:33  Gateway  
  41  3:34  Probe  
  43  3:42  Warp Prism (Chrono Boost), Pylon  
  45  3:50  Probe  
  46  3:56  Assimilator, Pylon  
  46  4:00  Probe  
  47  4:05  Adept  
  47  4:07  Adept  
  47  4:08  Probe  
  52  4:11  Observer, Pylon  
  52  4:12  Probe  
  54  4:20  Probe  
  55  4:30  Adept x4  
  63  4:33  Pylon  
  63  4:48  Nexus  
  63  4:54  Adept x2  
  63  4:55  Adept x2  
  63  4:57  Probe x2  
  63  4:59  Pylon  
  73  5:12  Immortal (Chrono Boost)  
  77  5:18  Pylon  
  77  5:24  Probe x2  
  77  5:27  Shield Battery  
  79  5:31  Assimilator, Sentry x2  
  79  5:35  Forge  
  83  5:37  Probe x2  
  85  5:48  Immortal (Chrono Boost)  
  89  5:52  Adept x2  
  89  5:53  Probe  
  89  5:55  Probe  
  93  5:59  Pylon  
  93  6:01  Probe  
  94  6:07  Protoss Ground Weapons Level 1 (Chrono Boost)  
  94  6:08  Shield Battery  
  94  6:09  Probe x2 (Chrono Boost)  
  96  6:13  Probe (Chrono Boost)  
  96  6:15  Gateway x2  
  97  6:23  Probe (Chrono Boost)  
  97  6:24  Probe (Chrono Boost)  
  97  6:25  Probe (Chrono Boost)  
  100  6:28  Immortal  
  100  6:30  Probe x3 (Chrono Boost)  
  107  6:38  Pylon  
  108  6:40  Probe x3  
  108  6:43  Assimilator x2  
  108  6:47  Robotics Bay  
  110  6:57  Stalker, Sentry  
  110  6:58  Stalker x2  
  118  7:05  Gateway  
  118  7:06  Robotics Facility, Gateway  
  118  7:15  Photon Cannon  
  118  7:17  Pylon  
  118  7:22  Stalker, Sentry x2  
  122  7:28  Probe, Pylon  
  122  7:29  Pylon  
  125  7:30  Pylon  
  125  7:35  Probe x2  
  133  7:39  Colossus (Chrono Boost)  
  133  7:40  Extended Thermal Lance  
  133  7:46  Photon Cannon  
  133  7:56  Colossus (Chrono Boost)  
  139  8:04  Charge (Chrono Boost)  
  139  8:08  Pylon  
  139  8:09  Gateway  
  139  8:10  Gateway  
  139  8:18  Protoss Ground Weapons Level 2 (Chrono Boost)  
  139  8:19  Stalker x3  
  145  8:25  Colossus (Chrono Boost)  
  149  8:31  Nexus  
  149  8:34  Pylon  
  149  8:41  Colossus (Chrono Boost)  
  155  8:48  Pylon  
  155  8:50  Stalker x2, Sentry x2  
  161  9:08  Stalker x3  
  167  9:17  Stalker x6  
  167  9:22  Photon Cannon  
  179  9:25  Stalker  
  179  9:39  Pylon  
  179  9:40  Pylon  
  179  9:41  Pylon  
  179  9:42  Blink (Chrono Boost)  
  179  9:43  Pylon  
  152  9:55  Stalker  
  152  9:56  Stalker x3  
  150  10:16  Stalker x4  
  154  10:26  Sentry  
  154  10:27  Sentry x2  
  126  10:41  Observer  
  66  10:53  Stalker x7  
  66  10:55  Sentry x2  
  84  11:04  Disruptor (Chrono Boost)  
  84  11:06  Disruptor (Chrono Boost)  
  88  11:11  Probe  
  88  11:12  Probe  
  88  11:16  Probe  
  91  11:31  Disruptor (Chrono Boost)  
  91  11:32  Disruptor (Chrono Boost)  
  94  11:42  Probe x3  
  94  11:44  Stalker  
  94  11:45  Stalker  
  94  11:46  Stalker  
  103  11:55  Observer  
  103  11:56  Disruptor (Chrono Boost)  
  109  12:03  Stalker x2  
  109  12:04  Disruptor (Chrono Boost)  
  109  12:08  Probe x3  
  116  12:14  Sentry  
  116  12:15  Stalker  
  120  12:25  Stalker  
  120  12:26  Stalker  
  124  12:31  Stalker  
  124  12:32  Stalker  
  128  12:45  Pylon  
  128  12:53  Stalker x3  
  128  12:54  Stalker x2  
  128  12:57  Stalker  
  140  13:05  Sentry  
  140  13:06  Stalker, Sentry  
  122  13:33  Stalker x7  
  101  13:50  Sentry  
  101  13:51  Stalker x2  
  101  14:09  Observer  
  74  14:27  Stalker x3  
  74  14:28  Stalker x2  
  74  14:29  Stalker  
  48  15:10  Stalker  
  46  15:26  Observer  
  31  15:34  Probe (Chrono Boost)  
  31  15:35  Probe x2 (Chrono Boost)  
  26  15:45  Probe x3 (Chrono Boost)  
  26  15:47  Stalker  
  29  15:59  Probe x3 (Chrono Boost)  
  31  16:10  Probe x2 (Chrono Boost)  
  32  16:11  Probe (Chrono Boost)  
  32  16:15  Probe (Chrono Boost)  
  32  16:16  Probe  
  35  16:27  Observer, Disruptor (Chrono Boost)  
  38  16:34  Probe x2 (Chrono Boost)  
  38  16:35  Observer, Probe (Chrono Boost)  
  41  16:45  Probe x2 (Chrono Boost)  
  40  16:49  Probe x2 (Chrono Boost)  
  42  17:00  Probe x2  
  42  17:01  Probe  
  45  17:02  Observer  
  45  17:10  Stalker x2  
  49  17:20  Disruptor (Chrono Boost)  
  47  17:40  Disruptor (Chrono Boost)  
  31  17:46  Stalker  
Show
View Real Time Build Order
Export as new Build Order

Scarlett Zerg - Winner!

Build Orders: Hatch First 

Get SALT Encoding   

  12  0:00  Drone  
  13  0:12  Overlord  
  13  0:17  Drone  
  14  0:30  Drone x2  
  16  0:37  Drone  
  17  0:51  Hatchery  
  17  0:54  Drone  
  17  0:58  Drone  
  18  1:09  Extractor  
  17  1:14  Spawning Pool  
  17  1:16  Drone  
  17  1:18  Drone  
  18  1:28  Drone  
  19  1:39  Drone  
  20  1:49  Overlord  
  20  2:01  Queen  
  22  2:04  Zergling x2, Queen  
  22  2:05  Drone  
  26  2:12  Metabolic Boost  
  26  2:14  Zergling x2  
  26  2:15  Drone  
  28  2:24  Drone x2  
  30  2:33  Drone  
  32  2:37  Drone  
  32  2:40  Queen  
  34  2:45  Hatchery  
  33  2:52  Overlord  
  33  2:58  Drone x2  
  35  3:01  Drone  
  36  3:13  Drone x4  
  40  3:20  Drone x3  
  40  3:21  Overlord  
  40  3:24  Overlord  
  43  3:34  Overlord  
  43  3:38  Queen x2  
  43  3:40  Drone x2  
  49  3:47  Drone x2  
  51  3:53  Drone x3  
  54  3:58  Queen  
  56  4:04  Roach Warren  
  56  4:07  Zergling x2  
  56  4:08  Zergling x6, Spine Crawler  
  58  4:19  Zergling x12  
  64  4:28  Overlord  
  64  4:30  Queen  
  64  4:31  Overlord  
  66  4:32  Zergling x4  
  66  4:35  Spine Crawler  
  67  4:44  Roach x3  
  73  4:47  Overlord  
  73  4:48  Roach x2, Extractor  
  76  4:53  Roach  
  76  4:58  Roach x2  
  82  5:02  Zergling x12, Roach  
  88  5:18  Overlord x2  
  88  5:22  Overlord x2  
  88  5:27  Spore Crawler x2  
  87  5:28  Drone x4  
  87  5:29  Spore Crawler  
  89  5:37  Drone  
  89  5:38  Drone x6  
  89  5:39  Drone  
  97  5:46  Drone x4  
  101  5:54  Drone x4  
  102  5:57  Drone x3  
  102  6:04  Lair  
  105  6:11  Drone x8  
  113  6:14  Extractor  
  113  6:15  Extractor x2  
  110  6:23  Overlord  
  110  6:24  Drone, Overlord  
  110  6:25  Drone x6  
  117  6:27  Extractor  
  117  6:32  Roach x3  
  122  6:34  Overlord  
  122  6:38  Overlord x2  
  122  6:45  Roach  
  124  6:51  Evolution Chamber  
  120  6:55  Hatchery  
  119  7:02  Roach, Glial Reconstitution  
  119  7:04  Roach  
  119  7:05  Roach x7  
  119  7:07  Overseer  
  137  7:10  Overseer  
  137  7:14  Drone  
  144  7:15  Roach x3  
  144  7:16  Baneling Nest  
  144  7:19  Roach x2  
  146  7:23  Overlord  
  146  7:28  Zerg Missile Weapons Level 1  
  146  7:47  Roach x9  
  164  7:56  Overlord x2  
  164  7:57  Overlord x2  
  164  8:02  Centrifugal Hooks  
  164  8:06  Drone  
  164  8:07  Spire  
  156  8:28  Zergling x36  
  171  8:38  Zergling x4  
  173  8:42  Zergling x8  
  177  8:49  Ravager x3  
  177  8:50  Ravager x2  
  177  8:51  Ravager, Zergling x2  
  177  8:52  Zergling x18  
  193  9:03  Baneling  
  193  9:04  Baneling x31  
  193  9:09  Zergling x14  
  200  9:23  Baneling x13  
  200  9:40  Zerg Melee Weapons Level 1  
  180  9:57  Zergling x44  
  180  9:58  Zergling x4  
  186  10:07  Roach  
  186  10:08  Roach x4  
  186  10:17  Ravager x7  
  185  10:24  Zergling x8, Roach x3  
  185  10:31  Roach x3  
  185  10:32  Roach x2  
  164  10:37  Roach x5  
  150  10:44  Drone x8  
  150  10:45  Drone  
  136  10:59  Drone x3  
  136  11:01  Baneling x11  
  139  11:06  Roach x5  
  149  11:14  Extractor  
  149  11:15  Extractor  
  149  11:17  Drone x4  
  149  11:18  Drone x6  
  155  11:25  Hatchery  
  151  11:36  Zerg Flyer Weapons Level 1  
  151  11:43  Overlord  
  151  11:44  Zergling x24  
  151  11:45  Zergling x12  
  170  11:54  Ravager x2  
  170  11:55  Ravager  
  170  11:56  Zerg Missile Weapons Level 2  
  172  12:01  Drone  
  172  12:02  Drone  
  174  12:18  Mutalisk x8  
  174  12:21  Zergling x8  
  174  12:22  Zergling x12  
  200  12:32  Baneling x13  
  200  12:33  Baneling  
  200  12:41  Baneling x7  
  200  12:43  Baneling x2  
  200  12:45  Extractor x2  
  198  12:56  Infestation Pit  
  196  13:02  Baneling x12  
  196  13:08  Baneling x6  
  192  13:23  Roach x12  
  153  13:28  Roach x4  
  153  13:30  Roach  
  139  13:34  Roach x4  
  147  13:47  Drone, Hive  
  146  13:52  Roach x5  
  152  13:59  Roach x5  
  158  14:05  Roach  
  158  14:06  Roach x3  
  140  14:21  Roach x11  
  150  14:28  Roach x4  
  158  14:33  Roach x3  
  164  14:39  Roach x6  
  135  14:57  Roach x6  
  135  14:58  Roach x4  
  129  15:09  Roach x2  
  131  15:15  Roach  
  131  15:16  Roach  
  110  15:45  Viper x2  
  110  15:48  Roach x2  
  110  15:49  Roach x5  
  130  15:59  Overseer  
  130  16:15  Roach x7  
  130  16:16  Roach  
  146  16:19  Ravager x2  
  146  16:25  Ravager, Roach  
  151  16:26  Roach x2  
  151  16:27  Hatchery  
  151  16:32  Roach x4  
  162  16:38  Roach  
  162  16:39  Roach x2  
  168  16:56  Extractor  
  168  16:58  Roach  
  168  16:59  Roach x9  
  187  17:16  Overlord  
  187  17:18  Ravager, Roach x2  
  187  17:19  Overlord  
  188  17:47  Roach x6  
Tags
 
Add a new tag
Caveats
  • Supply blocks, unpowered buildings, or Contaminate may cause inaccurate times.
  • Supply counts are checked every 10 seconds.